 Dungeon Crawl Stone Soup version 0.30-a0-591-g3c58d2bc28 (webtiles) character file.

Game seed: 11477060744409248502

114 brightshaft the Chopper (level 4, 0/28 HPs)
             Began as a Gargoyle Fighter on Jan 6, 2023.
             Killed by divine providence
             ... invoked by an orc priest
              (12 damage)
             ... on level 3 of the Dungeon.
             The game lasted 00:05:26 (1375 turns).

brightshaft the Chopper (Gargoyle Fighter)          Turns: 1375, Time: 00:05:26

Health: 0/28       AC: 10    Str: 27    XL:     4   Next: 97%
Magic:  4/4        EV:  9    Int:  9    God:
Gold:   115        SH:  5    Dex:  9    Spells: 3/3 levels left

rFire   . . .      SeeInvis .    a - +0 war axe
rCold   . . .      Faith    .    c - +1 buckler
rNeg    + + .      Spirit   .    b - +0 scale mail
rPois   ∞          Reflect  .    (no helmet)
rElec   +          Harm     .    (no cloak)
rCorr   .          Rampage  .    (no gloves)
Will    .....                    (no boots) Stlth
                                 (no amulet)
HPRegen 0.24/turn                i - ring of positive energy
MPRegen 0.09/turn                n - +6 ring of strength

@: no status effects
A: sickness immunity, AC +3, negative energy resistance 1, electricity
resistance, torment resistance 1, petrification resistance
a: no special abilities


You were on level 3 of the Dungeon.
You visited 1 branch of the dungeon, and saw 4 of its levels.

You collected 115 gold pieces.

Inventory:

Hand Weapons
 a - a +0 war axe (weapon)
Missiles
 l - 2 boomerangs (quivered)
Armour
 b - a +0 scale mail (worn)
 c - a +1 buckler (worn)
Jewellery
 i - a ring of positive energy (left hand)
 n - a +6 ring of strength (right hand)
Scrolls
 f - 2 scrolls of noise
 h - a scroll of fog
 q - a scroll of magic mapping
 r - a scroll of teleportation {@r4}
Potions
 d - 2 potions of might
 e - 2 potions of brilliance
 j - 2 potions of haste {unknown}
 o - a potion of curing {unknown}
 p - a potion of heal wounds {@q2}


   Skills:
 - Level 3.2 Fighting
 * Level 4.5 Axes
 - Level 3.2 Armour
 - Level 3.2 Shields


You had 3 spell levels left.
You didn't know any spells.
Your spell library contained the following spells:

 Spells                   Type           Power      Damage    Failure   Level
 Dispel Undead            Necr           0%         3d6       100%        4
 Death Channel            Necr           0%         N/A       100%        6
 Cigotuvi's Dreadful Rot  Necr/Pois/Air  Unusable   N/A       N/A         2

Dungeon Overview and Level Annotations

Branches:
Dungeon (4/15)
 Temple: D:4-7

Altars:
Yredelemnul

Portals:
Abyss: D:1***


Innate Abilities, Weirdness & Mutations

You are immune to sickness and miasma.
Your stone body is resilient. (AC +3)
You are immune to poison.
You resist negative energy. (rN+)
You are resistant to electric shocks. (rElec)
You are resistant to unholy torment.
You are immune to petrification.


Message History

You hear an angry hiss.
You hear a shout! x4; You hear an angry hiss.
As you read the scroll labelled ANAVIFFAEWE, it crumbles to dust.
It is a scroll of identify.
e - 2 potions of brilliance
As you read the scroll labelled PUBIEF AM APIPP, it crumbles to dust.
The scroll dissolves into smoke.
It was a scroll of fog.
As you read the scroll labelled DOBUSH JOIPS, it crumbles to dust.
It is a scroll of enchant armour.
Your +0 buckler glows green for a moment.
As you read the scroll labelled RAQAER FUOL, it crumbles to dust.
You assume a fearsome visage.
Nothing appears to happen.
It was a scroll of fear.
As you read the scroll labelled IKLORU FUDUDD, it crumbles to dust.
You feel aware of your surroundings.
You sensed 1 altar.
It was a scroll of magic mapping.
As you read the scroll labelled DIADWEGEGI, it crumbles to dust.
You feel strangely unstable.
It was a scroll of teleportation.
Your surroundings suddenly seem different.
Found a basalt altar of Yredelemnul.
Found a stone staircase leading down.
No target in view!
No target in view!
No target in view!
No target in view!
Found a helmet.
An orc comes into view. It is wielding a +0 hand axe.
An orc priest comes into view. It is wielding a +0 club.
Found a stone staircase leading down.
A ball python comes into view.
The ball python moves out of view.
You hit the orc.
The orc is heavily wounded.
The orc hits you with a +0 hand axe.
The orc priest invokes the aid of Beogh against you.
Beogh smites you!
Ouch! That really hurt!
A dart slug comes into view.
A bat comes into view.
The orc priest invokes the aid of Beogh against you.
Beogh smites you!
You die...

**,**,,,*,,,,,,** ###.#<.......
*,,,,,***.......## #...........
*,,,,***,........#####..#....####
*,,,** *,.......>................
*,,,****,...................#.###
*,,,,,,,,................)..#.###
*,,,****,.......o.##.##.##).>....
*,,,* *,,,,♣....#*..#...)..#####
*,,,* *...,♣...@##.....##.##
,,,,** *....♣..o.#....#....#*****
,,,,,***....♣S........#.....,,,,,
,,,,,,,,..................##*****
,<,,,<,,.........##....w##***,,,,
,,,,,***#...≈....##.....,***,,***
***,,,,,....≈..#........,,,,,****
*,,,****[#.≈.....#####.*,,,,,,,,
***** #...≈..>...# *,,,,,*****


You could see an orc priest, an orc and a ball python.

Vanquished Creatures
  An orc priest (D:3)
  3 gnolls
  An adder (D:2)
  2 dart slugs (D:2)
  An orc (D:3)
  3 endoplasms
  A giant cockroach (D:1)
  7 goblins
  4 hobgoblins
  2 quokkas (D:1)
  5 ball pythons
  3 bats
  2 frilled lizards
  5 kobolds
  5 rats
45 creatures vanquished.

Notes
Turn   | Place    | Note
-------+----------+-------------------------------------------
     0 | D:1      | brightshaft the Gargoyle Fighter began the quest for the
                  | Orb.
     0 | D:1      | Reached XP level 1. HP: 14/14 MP: 1/1
    20 | D:1      | Reached skill level 2 in Axes
    63 | D:1      | Reached XP level 2. HP: 19/19 MP: 2/2
   538 | D:2      | Reached skill level 3 in Axes
   553 | D:2      | Reached XP level 3. HP: 23/23 MP: 3/3
  1215 | D:3      | Reached XP level 4. HP: 18/28 MP: 4/4
  1224 | D:4      | Reached skill level 4 in Axes
  1294 | D:4      | Noticed a black bear
  1367 | D:3      | Found a basalt altar of Yredelemnul.
  1375 | D:3      | Killed from afar by an orc priest

Illustrated notes

Levels and vault maps discovered:
D:1:      minmay_arrival_glassed_features, layout_basic, corexii_corridor_pit
D:2:      layout_basic, serial_aquarium, aquarium_bridge_long_joined
          [aquarium_subvault_window, aquarium_subvault_window,
          aquarium_subvault_bridge, aquarium_subvault_balcony,
          aquarium_subvault_window, aquarium_subvault_bridge],
          aquarium_bridge_straight [aquarium_subvault_bridge,
          aquarium_subvault_wall, aquarium_subvault_bridge,
          aquarium_subvault_wall], aquarium_window_fake, aquarium_window_corner,
          aquarium_window_fake, aquarium_window_fake, aquarium_view_2f,
          aquarium_view_2b, aquarium_pool_2
D:3:      minmay_diamond_boxcup, layout_rooms, mainiacjoe_overflow_boulevard,
          minmay_surrounded
D:4:      layout_cave_pools, cheibriados_altar_1, uniq_pikel

Skill      XL: |  1  2  3  4 |
---------------+-------------+-----
Axes           | 2 3 4 |  4.5
Fighting       | |  3.2
Armour         | |  3.2
Shields        | |  3.2

Action                   |  1- 3 |  4- 6 || total
-------------------------+-------+-------++-------
Melee: War axe           |    88 |    20 ||   108
  Use: Scroll            |       |     7 ||     7
Armor: Scale mail        |    53 |    13 ||    66
Dodge: Dodged            |    40 |     7 ||    47
Block: Buckler           |    19 |     2 ||    21

Table legend: (Time is in decaauts)
 A = Elapsed time spent in this place.
 B = Non-inter-level travel time spent in this place.
 C = Inter-level travel time spent in this place.
 D = Time resting spent in this place.
 E = Time spent auto-exploring this place.
 F = Levels seen in this place.
 G = Mean time per level.
                   A        B        C        D        E       F      G
               +--------+--------+--------+--------+--------+-----+--------+
         Total |   1414 |   1372 |     42 |      0 |    990 |   4 |  353.5 |
       Dungeon |   1414 |   1372 |     42 |      0 |    990 |   4 |  353.5 |
               +--------+--------+--------+--------+--------+-----+--------+

Top non-repeatable levels by time:
     D:2: 690 daAuts
     D:1: 542 daAuts
     D:3: 102 daAuts
     D:4: 79 daAuts
